 Dungeon Sprint DCSS version 0.21-a0-153-g78480df (webtiles) character file.

45215 minicreteconcrete the Sorcerer (level 14, -5/76 HPs)
             Began as a Deep Elf Necromancer on Aug 1, 2017.
             Was the Champion of Sif Muna.
             Hit by a large rock thrown by a stone giant (30 damage)
             ... in the Dungeon (Sprint IX: "|||||||||||||||||||||||||||||").
             The game lasted 00:34:52 (1971 turns).

minicreteconcrete the Sorcerer (DENe)               Turns: 1971, Time: 00:34:52

Health: -5/76      AC: 13    Str:  5    XL:     14   Next: 0%
Magic:  12/51      EV: 18    Int: 24    God:    Sif Muna [******]
Gold:   405        SH:  0    Dex: 20    Spells: 9/57 levels left

rFire    . . .     SeeInvis .   a - +3 trident (freeze)
rCold    . . .     Gourm    .   (no shield)
rNeg     . . .     Faith    .   O - +2 leather armour {rPois}
rPois    +         Spirit   .   q - +1 helmet
rElec    .         Reflect  .   p - +0 cloak
rCorr    .         Harm     .   P - +0 pair of gloves {Dex+3}
MR       +....     NoTele   +   (no boots)
Stlth    +++.......             N - amulet of magic regeneration
HPRegen  0.22/turn              s - +2 ring of protection
MPRegen  0.57/turn              M - ring of magical power

@: no status effects
A: no striking features
a: Divine Energy, Channel Magic, Forget Spell, Renounce Religion


You were in the Dungeon.
You worshipped Sif Muna.
Sif Muna was exalted by your worship.
You were hungry.

You visited 1 branch You collected 1911 gold pieces.
You spent 1506 gold pieces at shops.

Inventory:

Hand Weapons
 a - a +3 trident of freezing (weapon)
 m - a +4 quarterstaff of protection
 o - a +2 scimitar of flaming
 G - a +2 rapier of venom
Missiles
 F - 3 throwing nets (quivered)
Armour
 p - a +0 cloak (worn)
 q - a +1 helmet (worn)
 O - a +2 leather armour of poison resistance (worn)
 P - a +0 pair of gloves of dexterity (worn)
 V - the +3 plate armour of an ice cave {rC+++ Regen+ Int+3}
   (You found it in the Dungeon)

   It affects your intelligence (+3).
   It renders you almost immune to cold.
   It increases your rate of regeneration.
Magical Staves
 b - an uncursed staff of energy
Jewellery
 s - a +2 ring of protection (left hand)
 L - the amulet of Yluath {Inacc rF+ SInv}
   (You bought it in a shop in the Dungeon)

   [amulet of inaccuracy]

   It reduces the accuracy of all your attacks.
   It protects you from fire.
   It lets you see invisible.
 M - a ring of magical power (right hand)
 N - an amulet of magic regeneration (around neck)
 R - an uncursed ring of protection from fire
 S - an uncursed ring of protection from fire
 T - an uncursed ring of protection from fire
 U - an uncursed ring of see invisible
Wands
 k - a wand of iceblast (4/15)
Scrolls
 h - 3 scrolls of remove curse
 i - 2 scrolls of amnesia
 w - a scroll of recharging
 x - 5 scrolls of fog
 y - 4 scrolls of enchant armour
 X - a scroll of blinking
 Y - 2 scrolls of enchant weapon
Potions
 d - a potion of invisibility
 e - 3 potions of heal wounds
 f - 8 potions of curing
 g - 4 potions of magic
 u - a potion of agility
 Q - 3 potions of mutation
 W - a potion of brilliance
Books
 j - Sif Muna's Tome of Supportive Poisoning
   (Sif Muna gifted it to you in the Dungeon)

   Spells                             Type                      Level
   a - Sting                          Conjuration/Poison           1
   b - Call Imp                       Summoning                    2
   c - Call Canine Familiar           Summoning                    3
   d - Spellforged Servitor           Conjuration/Summoning        7
   e - Summon Horrible Things         Summoning                    8
   f - Dragon's Call                  Summoning                    9
 l - a book of Necromancy

   Spells                             Type                      Level
   a - Pain                           Necromancy                   1
   b - Animate Skeleton               Necromancy                   1
   c - Vampiric Draining              Necromancy                   3
   d - Regeneration                   Charms/Necromancy            3
   e - Animate Dead                   Necromancy                   4
   f - Control Undead                 Necromancy                   4
 n - Sif Muna's Compendium of the Compass and Black Magic
   (Sif Muna gifted it to you in the Dungeon)

   Spells                             Type                      Level
   a - Corpse Rot                     Necromancy                   2
   b - Sublimation of Blood           Necromancy                   2
   c - Force Lance                    Conjuration/Translocation    4
   d - Cigotuvi's Embrace             Necromancy                   5
   e - Summon Forest                  Summoning/Translocation      5
   f - Death Channel                  Necromancy                   6
   g - Necromutation                  Transmutation/Necromancy     8
 r - Ritwebb's Collected Works on Stolen Souls
   (Sif Muna gifted it to you in the Dungeon)

   Spells                             Type                      Level
   a - Sublimation of Blood           Necromancy                   2
   b - Vampiric Draining              Necromancy                   3
   c - Animate Dead                   Necromancy                   4
   d - Bolt of Draining               Conjuration/Necromancy       5
 t - Pied's Compendium of Cloudy Confrontation
   (Sif Muna gifted it to you in the Dungeon)

   Spells                             Type                      Level
   a - Shock                          Conjuration/Air              1
   b - Throw Flame                    Conjuration/Fire             2
   c - Poisonous Vapours              Poison/Air                   2
   d - Sticky Flame                   Conjuration/Fire             4
   e - Lightning Bolt                 Conjuration/Air              5
   f - Fire Storm                     Conjuration/Fire             9
 v - a book of Misfortune

   Spells                             Type                      Level
   a - Confusing Touch                Hexes                        1
   b - Confuse                        Hexes                        3
   c - Gell's Gravitas                Translocation                3
   d - Petrify                        Transmutation/Earth          4
   e - Metabolic Englaciation         Hexes/Ice                    5
   f - Yara's Violent Unravelling     Hexes/Transmutation          5
 z - Sif Muna's Incunabulum of Harmful Curses
   (Sif Muna gifted it to you in the Dungeon)

   Spells                             Type                      Level
   a - Mephitic Cloud                 Conjuration/Poison/Air       3
   b - Bolt of Cold                   Conjuration/Ice              6
   c - Discord                        Hexes                        8
 A - Ozodafoc's Grimoire of the Sinister Glacier
   (Sif Muna gifted it to you in the Dungeon)

   Spells                             Type                      Level
   a - Throw Frost                    Conjuration/Ice              2
   b - Sublimation of Blood           Necromancy                   2
   c - Throw Icicle                   Conjuration/Ice              4
   d - Agony                          Necromancy                   5
   e - Infestation                    Necromancy                   8
   f - Necromutation                  Transmutation/Necromancy     8
 B - Sif Muna's Collected Works on Quantum Dark Secrets
   (Sif Muna gifted it to you in the Dungeon)

   Spells                             Type                      Level
   a - Vampiric Draining              Necromancy                   3
   b - Teleport Other                 Translocation                3
   c - Bolt of Draining               Conjuration/Necromancy       5
   d - Simulacrum                     Ice/Necromancy               6
   e - Borgnjor's Revivification      Necromancy                   8
 H - a book of Alchemy

   Spells                             Type                      Level
   a - Sublimation of Blood           Necromancy                   2
   b - Ignite Poison                  Fire/Transmutation/Poison    3
   c - Petrify                        Transmutation/Earth          4
   d - Alistair's Intoxication        Transmutation/Poison         5
   e - Irradiate                      Conjuration/Transmutation    5
 I - a book of Changes

   Spells                             Type                      Level
   a - Beastly Appendage              Transmutation                1
   b - Sticks to Snakes               Transmutation                2
   c - Spider Form                    Transmutation/Poison         3
   d - Ice Form                       Ice/Transmutation            4
   e - Blade Hands                    Transmutation                5
 K - Sif Muna's Grimoire of the Destructive Arsonist
   (Sif Muna gifted it to you in the Dungeon)

   Spells                             Type                      Level
   a - Magic Dart                     Conjuration                  1
   b - Conjure Flame                  Conjuration/Fire             3
   c - Dazzling Spray                 Conjuration/Hexes            3
   d - Bolt of Magma                  Conjuration/Fire/Earth       5
   e - Iron Shot                      Conjuration/Earth            6
 Z - Sif Muna's Grimoire of Dusty Black Arts
   (Sif Muna gifted it to you in the Dungeon)

   Spells                             Type                      Level
   a - Stone Arrow                    Conjuration/Earth            3
   b - Iron Shot                      Conjuration/Earth            6
   c - Death's Door                   Charms/Necromancy            8
Miscellaneous
 J - a lamp of fire
Comestibles
 c - 13 bread rations
 C - 40 fruits
 D - 12 meat rations


   Skills:
 + Level 4.2 Fighting
 + Level 5.3 Short Blades
 * Level 5.3 Polearms
 * Level 9.9 Armour
 + Level 9.5 Dodging
 + Level 6.5 Stealth
 + Level 2.7 Unarmed Combat
 + Level 22.4 Spellcasting
 * Level 14.9 Conjurations
 + Level 7.8 Charms
 + Level 1.5 Summonings
 + Level 20.7 Necromancy
 - Level 5.7 Ice Magic
 * Level 15.8 Invocations
 + Level 8.8 Evocations


You had 9 spell levels left.
You knew the following spells:

 Your Spells              Type           Power        Failure   Level  Hunger
a - Pain                  Necr           ####         0%          1    None
b - Animate Skeleton      Necr           N/A          0%          1    None
c - Vampiric Draining     Necr           #######...   0%          3    None
d - Bolt of Draining      Conj/Necr      #######...   1%          5    None
e - Animate Dead          Necr           N/A          0%          4    None
f - Bolt of Cold          Conj/Ice       ######....   4%          6    #......
g - Control Undead        Necr           #######...   0%          4    None
h - Iron Shot             Conj/Erth      ######....   16%         6    #......
i - Death's Door          Chrm/Necr      #######...   36%         8    ######.
j - Spellforged Servitor  Conj/Summ      ######....   52%         7    ####...
r - Regeneration          Chrm/Necr      #######...   1%          3    None


Dungeon Overview and Level Annotations

Branches:
Dungeon (1/1)

Altars:
Cheibriados
Dithmenos
Elyvilon
Fedhas
Gozag
Hepliaklqana
Kikubaaqudgha
Makhleb
Nemelex Xobeh
Okawaru
Qazlal
Ru
Sif Muna
Trog
Uskayaw
Vehumet
Wu Jian
Xom
Yredelemnul
Zin
The Shining One
Beogh
Jiyva
Lugonu

Shops:
D =%}[


Message History

Sif Muna accepts your kill.
The stone giant shouts!
Casting: Bolt of Draining
Confirm with . or Enter, or press ? or * to list all spells.
You don't have enough magic to cast that spell.
Unknown command.
You feel quite a bit more hungry. The cyan very ugly thing misses you.
Casting: Bolt of Draining
Confirm with . or Enter, or press ? or * to list all spells.
Aiming: Bolt of Draining
Press: ? - help, Shift-Dir - straight line, f - cyan very ugly thing
Aim: a cyan very ugly thing (almost dead, lightly drained, bound soul)
The bolt of negative energy hits the cyan very ugly thing.
The cyan very ugly thing is drained!
You kill the cyan very ugly thing!
Sif Muna accepts your kill.
You have reached level 14!
The stone giant throws a large rock.
The large rock completely misses you.
The stone giant throws a large rock.
The large rock hits you!!
You die...

....[[[[.[[[.)))))))).....'......
▓▓▓▓▓▓▓▓▓▓▓▓▓▓▓▓▓▓▓▓▓▓▓▓▓▓▓▓▓▓▓▓▓
................................Z
▓♣♣♣♣♣♣♣♣♣♣▓▓▓▓▓▓▓▓▓▓▓▓▓▓▓▓▓▓▓▓▓▓
'Z.......††.ZZ......'............
▓♣♣♣♣♣♣♣♣♣♣▓▓▓▓▓▓▓▓▓▓▓▓▓▓▓▓▓▓▓▓▓▓
.................................
▓▓▓▓▓▓▓▓▓▓▓▓▓▓▓▓▓▓▓▓▓▓▓▓▓▓▓▓▓▓▓▓▓
pC.....:@))..............
▓▓▓▓▓▓▓▓▓▓▓▓▓▓▓▓▓▓▓▓▓▓▓▓▓


You could see a stone giant.

Vanquished Creatures
  Kirke (D)
  A tengu reaver (D)
  A frost giant (D)
  A very ugly thing (D)
  An emperor scorpion (D)
  Snorg (D)
  A naga warrior (D)
  3 rakshasas (D)
  2 ice dragons (D)
  3 centaur warriors (D)
  6 orc high priests (D)
  2 tengu warriors (D)
  A deep troll earth mage (D)
  2 naga sharpshooters (D)
  A spriggan druid (D)
  A sea snake (D)
  A glowing orange brain (D)
  2 swamp dragons (D)
  An orb spider (D)
  10 orc knights (D)
  2 wolf spiders (D)
  2 harpies (D)
  A mana viper (D)
  A cyclops (D)
  A manticore (D)
  8 elephants (D)
  3 naga magi (D)
  A torpor snail (D)
  A water nymph (D)
  A gargoyle (D)
  Psyche (D)
  5 spiny frogs (D)
  A rime drake (D)
  2 yaktaurs (D)
  2 komodo dragons (D)
  A demonic crawler (D)
  A tengu conjurer (D)
  A tyrant leech (D)
  A jumping spider (D)
  A hornet (shapeshifter) (D)
  2 merfolk (D)
  A blink frog (D)
  2 hippogriffs (D)
  A redback (D)
  4 wraiths (D)
  A water elemental (D)
  2 yaks (D)
  A tarantella (D)
  Eustachio (D)
  6 hogs (D)
  2 vampire mosquitoes (D)
  A soldier ant (D)
  2 water moccasins (D)
  A naga (D)
  A water moccasin (shapeshifter) (D)
  2 porcupines (D)
  A swamp drake (D)
  An eye of draining (shapeshifter) (D)
  9 orc warriors (D)
  2 black bears (D)
  A wolf (D)
  A boggart (D)
  2 centaurs (D)
  A big kobold (D)
  2 bullfrogs (D)
  A crimson imp (D)
  6 orc priests (D)
  A gnoll (D)
  An adder (D)
  An ooze (D)
  10 orcs (D)
  A bat skeleton (D)
  A giant cockroach (D)
  2 kobolds (D)
  A leopard gecko zombie (D)
  A rat (D)
155 creatures vanquished.

Vanquished Creatures (collateral kills)
  Josephine (D)
  A naga warrior (D)
  An orc knight (D)
  A wraith (D)
  A sky beast (D)
5 creatures vanquished.

Vanquished Creatures (others)
  A vampire mosquito (D)
1 creature vanquished.

Grand Total: 161 creatures vanquished

Notes
Turn   | Place    | Note
-------+----------+-------------------------------------------
     0 | D        | minicreteconcrete the Deep Elf Necromancer began the quest for the Orb.
     0 | D        | Reached XP level 1. HP: 10/10 MP: 6/6
     2 | D        | Learned a level 1 spell: Animate Skeleton
     6 | D        | Reached skill level 5 in Necromancy
    39 | D        | Reached XP level 2. HP: 9/15 MP: 1/8
   178 | D        | Noticed a crimson imp
   197 | D        | Reached skill level 4 in Spellcasting
   197 | D        | Reached XP level 3. HP: 7/19 MP: 9/11
   210 | D        | Found a roughly hewn altar of Beogh.
   210 | D        | Found a snail-covered altar of Cheibriados.
   210 | D        | Found a shadowy altar of Dithmenos.
   210 | D        | Found a white marble altar of Elyvilon.
   210 | D        | Found a blossoming altar of Fedhas.
   210 | D        | Found an opulent altar of Gozag.
   211 | D        | Found a hazy altar of Hepliaklqana.
   212 | D        | Reached skill level 5 in Spellcasting
   213 | D        | Found a viscous altar of Jiyva.
   214 | D        | Found an ancient bone altar of Kikubaaqudgha.
   215 | D        | Found a corrupted altar of Lugonu.
   216 | D        | Found a burning altar of Makhleb.
   217 | D        | Found a sparkling altar of Nemelex Xobeh.
   218 | D        | Found an iron altar of Okawaru.
   219 | D        | Found a stormy altar of Qazlal.
   220 | D        | Found a sacrificial altar of Ru.
   221 | D        | Found a deep blue altar of Sif Muna.
   222 | D        | Found a bloodstained altar of Trog.
   223 | D        | Found a hide-covered altar of Uskayaw.
   224 | D        | Found a radiant altar of Vehumet.
   225 | D        | Found an ornate altar of the Wu Jian Council.
   226 | D        | Found a shimmering altar of Xom.
   227 | D        | Found a basalt altar of Yredelemnul.
   228 | D        | Found a glowing silver altar of Zin.
   229 | D        | Became a worshipper of Sif Muna the Loreminder
   230 | D        | Found a glowing golden altar of the Shining One.
   266 | D        | Learned a level 3 spell: Regeneration
   268 | D        | Reached skill level 1 in Unarmed Combat
   268 | D        | Reached XP level 4. HP: 14/24 MP: 11/13
   273 | D        | Learned a level 3 spell: Vampiric Draining
   278 | D        | Learned a level 4 spell: Control Undead
   385 | D        | Noticed a hippogriff
   385 | D        | Noticed a sky beast
   385 | D        | Noticed a wraith
   385 | D        | Noticed a big kobold
   385 | D        | Noticed a centaur
   395 | D        | Killed a centaur
   395 | D        | Reached * piety under Sif Muna
   395 | D        | Reached skill level 7 in Spellcasting
   395 | D        | Reached skill level 10 in Necromancy
   395 | D        | Reached skill level 1 in Evocations
   395 | D        | Reached XP level 5. HP: 24/28 MP: 7/16
   401 | D        | Killed a sky beast
   401 | D        | Reached skill level 1 in Short Blades
   402 | D        | Reached ** piety under Sif Muna
   402 | D        | Reached skill level 5 in Dodging
   402 | D        | Reached skill level 8 in Spellcasting
   402 | D        | Reached XP level 6. HP: 15/32 MP: 5/19
   430 | D        | Killed a hippogriff
   430 | D        | Reached skill level 1 in Fighting
   430 | D        | Reached skill level 5 in Stealth
   430 | D        | Reached skill level 9 in Spellcasting
   436 | D        | Learned a level 4 spell: Animate Dead
   487 | D        | Noticed a yak
   487 | D        | Noticed a soldier ant
   487 | D        | Noticed a centaur warrior
   492 | D        | Reached *** piety under Sif Muna
   492 | D        | Reached skill level 10 in Spellcasting
   492 | D        | Reached skill level 1 in Charms
   492 | D        | Reached XP level 7. HP: 29/38 MP: 15/22
   499 | D        | Killed a centaur warrior
   499 | D        | Reached **** piety under Sif Muna
   499 | D        | Reached skill level 11 in Spellcasting
   499 | D        | Reached XP level 8. HP: 18/44 MP: 4/25
   510 | D        | Reached skill level 12 in Spellcasting
   519 | D        | Reached skill level 5 in Invocations
   641 | D        | Noticed a komodo dragon
   641 | D        | Noticed a spiny frog
   642 | D        | Noticed a spiny frog
   646 | D        | Reached ***** piety under Sif Muna
   655 | D        | Reached skill level 13 in Spellcasting
   657 | D        | Noticed a blink frog
   665 | D        | HP: 1/45 [spiny frog (20)]
   670 | D        | Killed a spiny frog
   670 | D        | Identified Sif Muna's Incunabulum of Harmful Curses (Sif Muna gifted it to you in the Dungeon)
   670 | D        | Received a gift from Sif Muna
   670 | D        | Reached XP level 9. HP: 22/49 MP: 24/28
   672 | D        | HP: 2/49 [komodo dragon (20)]
   688 | D        | Reached skill level 14 in Spellcasting
   699 | D        | Killed a komodo dragon
   699 | D        | Reached skill level 15 in Necromancy
   715 | D        | Killed a spiny frog
   736 | D        | Learned a level 6 spell: Bolt of Cold
   747 | D        | Noticed a komodo dragon
   747 | D        | Noticed a spiny frog
   747 | D        | Noticed a rime drake
   747 | D        | Noticed a spiny frog
   758 | D        | Killed a spiny frog
   758 | D        | Reached skill level 15 in Spellcasting
   758 | D        | Reached skill level 1 in Conjurations
   758 | D        | Reached skill level 1 in Ice Magic
   809 | D        | Killed a rime drake
   817 | D        | Identified Sif Muna's Tome of Supportive Poisoning (Sif Muna gifted it to you in the Dungeon)
   817 | D        | Received a gift from Sif Muna
   824 | D        | Killed a spiny frog
   824 | D        | Reached XP level 10. HP: 32/55 MP: 25/31
   838 | D        | Reached skill level 16 in Spellcasting
   870 | D        | Noticed an elephant
   870 | D        | Noticed an elephant
   870 | D        | Noticed an elephant
   870 | D        | Noticed an elephant
   870 | D        | Noticed an elephant
   870 | D        | Noticed an elephant
   874 | D        | Noticed an elephant
   882 | D        | Killed an elephant
   898 | D        | Noticed an elephant
   898 | D        | Killed an elephant
   905 | D        | Killed an elephant
   905 | D        | Reached skill level 5 in Conjurations
   921 | D        | Killed an elephant
   921 | D        | Identified Sif Muna's Collected Works on Quantum Dark Secrets (Sif Muna gifted it to you in the Dungeon)
   921 | D        | Received a gift from Sif Muna
   921 | D        | Reached skill level 5 in Ice Magic
   940 | D        | Learned a level 5 spell: Bolt of Draining
   943 | D        | Killed an elephant
   944 | D        | Killed an elephant
   944 | D        | Reached skill level 17 in Spellcasting
   946 | D        | Killed an elephant
   946 | D        | Reached skill level 10 in Invocations
   947 | D        | Killed an elephant
  1012 | D        | Noticed Eustachio
  1032 | D        | Killed Eustachio
  1115 | D        | Received a gift from Sif Muna
  1115 | D        | Reached skill level 1 in Armour
  1145 | D        | Noticed an orc knight
  1145 | D        | Noticed an orc knight
  1146 | D        | Reached XP level 11. HP: 36/60 MP: 11/34
  1147 | D        | Noticed an orc knight
  1148 | D        | Noticed an orc high priest
  1152 | D        | Killed an orc knight
  1152 | D        | Reached skill level 5 in Short Blades
  1154 | D        | Killed an orc knight
  1155 | D        | Killed an orc knight
  1162 | D        | Killed an orc high priest
  1162 | D        | Reached skill level 18 in Spellcasting
  1191 | D        | Found Jegown Yfiar's Armour Boutique.
  1191 | D        | Noticed an orc knight
  1191 | D        | Noticed an orc knight
  1191 | D        | Noticed an orc knight
  1191 | D        | Noticed an orc knight
  1191 | D        | Noticed an orc high priest
  1193 | D        | Noticed an orc high priest
  1195 | D        | Killed an orc high priest
  1195 | D        | Identified Ozodafoc's Grimoire of the Sinister Glacier (Sif Muna gifted it to you in the Dungeon)
  1195 | D        | Received a gift from Sif Muna
  1196 | D        | Noticed an orc knight
  1198 | D        | Killed an orc knight
  1199 | D        | Killed an orc knight
  1203 | D        | Killed an orc knight
  1204 | D        | Killed an orc knight
  1209 | D        | Killed an orc high priest
  1214 | D        | Killed an orc knight
  1223 | D        | Noticed an orc high priest
  1227 | D        | Found Nidaqusa's Gadget Shop.
  1230 | D        | Killed an orc high priest
  1230 | D        | Reached skill level 5 in Armour
  1230 | D        | Reached skill level 10 in Conjurations
  1235 | D        | Found Osodeij's Food Boutique.
  1239 | D        | Found Voqoaf's Jewellery Shop.
  1243 | D        | Noticed an orc knight
  1244 | D        | Noticed an orc high priest
  1245 | D        | Noticed an orc high priest
  1246 | D        | Bought a lamp of fire for 400 gold pieces
  1248 | D        | Killed an orc high priest
  1248 | D        | Identified Sif Muna's Grimoire of the Destructive Arsonist (Sif Muna gifted it to you in the Dungeon)
  1248 | D        | Received a gift from Sif Muna
  1249 | D        | Killed an orc knight
  1250 | D        | Noticed an orc knight
  1250 | D        | Killed an orc high priest
  1250 | D        | Reached skill level 19 in Spellcasting
  1250 | D        | Reached XP level 12. HP: 53/64 MP: 16/37
  1268 | D        | Bought the amulet of Yluath {Inacc rF+ SInv} for 176 gold pieces
  1268 | D        | Bought an uncursed ring of magical power for 240 gold pieces
  1268 | D        | Bought an uncursed amulet of magic regeneration for 360 gold pieces
  1277 | D        | Bought a +2 leather armour of poison resistance for 192 gold pieces
  1277 | D        | Bought a +0 pair of gloves of dexterity for 138 gold pieces
  1342 | D        | Noticed Josephine
  1351 | D        | Killed Josephine
  1375 | D        | Noticed Psyche
  1380 | D        | Killed Psyche
  1473 | D        | Got the +3 plate armour of an ice cave {rC+++ Regen+ Int+3}
  1496 | D        | Noticed a centaur warrior
  1496 | D        | Noticed a centaur warrior
  1499 | D        | Killed a centaur warrior
  1499 | D        | Identified Sif Muna's Grimoire of Dusty Black Arts (Sif Muna gifted it to you in the Dungeon)
  1499 | D        | Received a gift from Sif Muna
  1499 | D        | Reached ****** piety under Sif Muna
  1500 | D        | Killed a centaur warrior
  1538 | D        | Noticed a deep troll earth mage
  1541 | D        | Killed a deep troll earth mage
  1541 | D        | Reached skill level 20 in Spellcasting
  1543 | D        | Noticed a rakshasa
  1548 | D        | Reached skill level 5 in Charms
  1552 | D        | Identified Sif Muna's Compendium of the Compass and Black Magic (Sif Muna gifted it to you in the Dungeon)
  1552 | D        | Received a gift from Sif Muna
  1553 | D        | Killed a rakshasa
  1567 | D        | Learned a level 6 spell: Iron Shot
  1576 | D        | Learned a level 8 spell: Death's Door
  1584 | D        | Learned a level 7 spell: Spellforged Servitor
  1601 | D        | Noticed Kirke
  1605 | D        | Reached skill level 5 in Evocations
  1609 | D        | Killed Kirke
  1699 | D        | Identified Ritwebb's Collected Works on Stolen Souls (Sif Muna gifted it to you in the Dungeon)
  1699 | D        | Received a gift from Sif Muna
  1714 | D        | Reached XP level 13. HP: 40/70 MP: 39/39
  1741 | D        | Reached skill level 21 in Spellcasting
  1742 | D        | Reached skill level 1 in Polearms
  1767 | D        | Noticed an emperor scorpion
  1767 | D        | Received a gift from Sif Muna
  1779 | D        | Killed an emperor scorpion
  1812 | D        | Reached skill level 15 in Invocations
  1818 | D        | Identified Pied's Compendium of Cloudy Confrontation (Sif Muna gifted it to you in the Dungeon)
  1818 | D        | Received a gift from Sif Muna
  1861 | D        | Noticed Snorg
  1865 | D        | Killed Snorg
  1943 | D        | Noticed a frost giant
  1948 | D        | Reached skill level 22 in Spellcasting
  1949 | D        | Killed a frost giant
  1949 | D        | Reached skill level 1 in Summonings
  1955 | D        | Noticed a tengu reaver
  1959 | D        | Killed a tengu reaver
  1959 | D        | Reached skill level 5 in Polearms
  1961 | D        | Noticed a cyan very ugly thing
  1964 | D        | Identified Vayda's Reference Book on Torrid Earth (Sif Muna gifted it to you in the Dungeon)
  1964 | D        | Received a gift from Sif Muna
  1968 | D        | Noticed a stone giant
  1970 | D        | Killed a cyan very ugly thing
  1970 | D        | Reached XP level 14. HP: 24/76 MP: 2/42
  1971 | D        | Hit by a large rock thrown by a stone giant

Vault maps used:
D:        linesprint

Skill      XL: |  1  2  3  4  5  6  7  8  9 10 11 12 13 |
---------------+----------------------------------------+-----
Necromancy     | 6 8 9 10 11 12 13 14 15 17 18 19 20 | 20.7
Dodging        | 3 4 5 6 7 8 9 |  9.5
Spellcasting   | 4 5 7 8 10 11 13 15 17 19 20 22 | 22.4
Stealth        | 3 4 5 6 |  6.5
Unarmed Combat | 1 2 |  2.7
Evocations     | 1 2 3 4 5 8 |  8.8
Short Blades   | 1 2 3 4 5 |  5.3
Fighting       | 1 2 3 4 |  4.2
Charms         | 1 3 4 5 7 |  7.8
Invocations    | 4 7 8 10 12 14 15 | 15.8
Conjurations   | 3 6 10 12 14 | 14.9
Ice Magic      | 2 5 |  5.7
Armour         | 1 5 7 9 |  9.9
Polearms       | 5 |  5.3
Summonings     | 1 |  1.5

Action                   |  1- 3 |  4- 6 |  7- 9 | 10-12 | 13-15 || total
-------------------------+-------+-------+-------+-------+-------++-------
Melee: Unarmed           |    22 |       |       |       |       ||    22
       Rapier            |       |    18 |    26 |    31 |       ||    75
       Punch             |       |       |       |     1 |       ||     1
       Trident           |       |       |       |       |     7 ||     7
 Cast: Pain              |    10 |     1 |    30 |    15 |       ||    56
       Animate Skeleton  |     2 |     2 |     1 |     9 |       ||    14
       Vampiric Draining |       |     5 |    38 |    47 |       ||    90
       Control Undead    |       |     1 |       |     3 |       ||     4
       Regeneration      |       |     3 |     7 |    12 |     5 ||    27
       Animate Dead      |       |     1 |     4 |     4 |     2 ||    11
       Bolt of Draining  |       |       |       |    76 |    39 ||   115
       Bolt of Cold      |       |       |       |     4 |       ||     4
       Iron Shot         |       |       |       |       |     1 ||     1
Invok: Channel Magic     |       |       |     9 |    14 |     4 ||    27
Evoke: Wand              |     2 |     1 |       |       |       ||     3
       Staff of energy   |       |    11 |       |     2 |       ||    13
       Lamp of fire      |       |       |       |     7 |     6 ||    13
  Use: Potion            |     4 |       |     2 |       |       ||     6
       Scroll            |     1 |       |     1 |       |       ||     2
 Stab: Sleeping          |       |     1 |       |       |       ||     1
  Eat: Chunk             |       |       |     4 |     9 |     2 ||    15
Armor: Robe              |     2 |     5 |     4 |    15 |       ||    26
       Leather armour    |       |       |       |     4 |     7 ||    11
Dodge: Dodged            |    16 |    30 |    73 |   102 |    12 ||   233
